Map: Thunderbird LE

Players

PtitDrogo - Winner!

  • Race: Protoss Protoss
  • League: Master
  • Spawn Location: 11:00

Armani

  • Race: Zerg Zerg
  • Spawn Location: 5:00

Event: 2019 Assembly Summer

VOD

Have the link to the VOD?

Description

Time

  • Played on: Aug. 1, 2019, 6:14 a.m.
  • Length: 8:57

All games in this series

Show
View Real Time Build Order
Export as new Build Order

PtitDrogo Protoss - Winner!

Build Orders: 1 Gate Expand, Oracle Opening, Zealot Archon 

Get SALT Encoding   

  12  0:00  Probe  
  13  0:12  Probe  
  14  0:18  Pylon  
  14  0:24  Probe  
  15  0:29  Assimilator  
  15  0:32  Probe  
  15  0:40  Probe  
  16  0:47  Gateway  
  17  0:51  Probe  
  18  1:03  Probe  
  19  1:15  Probe  
  20  1:23  Nexus  
  20  1:33  Cybernetics Core  
  20  1:36  Probe  
  21  1:41  Assimilator  
  21  1:48  Probe  
  21  1:49  Pylon  
  22  2:00  Probe, Stalker  
  23  2:12  Probe  
  26  2:16  Stargate  
  26  2:24  Probe  
  26  2:25  Warp Gate  
  27  2:31  Probe  
  27  2:32  Probe  
  31  2:39  Probe  
  31  2:40  Probe  
  32  2:49  Probe  
  32  2:50  Probe  
  32  2:51  Oracle  
  33  3:01  Probe  
  33  3:03  Probe  
  38  3:06  Pylon  
  38  3:13  Probe  
  38  3:15  Probe  
  38  3:18  Oracle  
  40  3:26  Gateway  
  41  3:27  Probe x2  
  45  3:39  Probe x2  
  47  3:43  Nexus  
  47  3:47  Pylon  
  47  3:51  Probe  
  47  3:54  Pylon  
  48  4:02  Gateway  
  48  4:03  Shield Battery  
  48  4:04  Probe  
  48  4:07  Oracle, Probe  
  45  4:13  Pylon  
  45  4:14  Adept  
  48  4:21  Adept  
  48  4:22  Probe  
  53  4:25  Probe  
  53  4:28  Pylon  
  54  4:34  Probe  
  55  4:40  Pylon x2  
  55  4:43  Adept  
  55  4:44  Probe  
  56  4:50  Probe  
  57  4:56  Probe  
  57  4:58  Zealot  
  57  4:59  Probe  
  60  5:02  Zealot, Probe  
  63  5:08  Probe  
  63  5:11  Probe  
  62  5:14  Probe  
  62  5:18  Assimilator  
  62  5:19  Zealot x2  
  62  5:20  Probe, Assimilator  
  67  5:23  Probe  
  67  5:26  Probe  
  68  5:32  Probe  
  68  5:34  Zealot  
  68  5:35  Probe  
  72  5:38  Probe  
  73  5:44  Probe  
  73  5:45  Probe  
  73  5:47  Probe  
  74  5:53  Probe  
  74  5:55  Probe  
  74  5:56  Probe  
  76  5:57  Zealot  
  76  6:01  Probe  
  76  6:02  Forge, Twilight Council  
  78  6:04  Probe  
  78  6:05  Robotics Facility  
  78  6:08  Probe  
  81  6:14  Probe  
  81  6:15  Pylon  
  81  6:17  Probe  
  83  6:18  Charge  
  83  6:20  Probe, Pylon  
  83  6:24  Adept  
  86  6:26  Probe  
  86  6:30  Protoss Ground Weapons Level 1  
  84  6:36  Probe x2  
  84  6:38  Probe  
  87  6:41  Gateway  
  87  6:42  Gateway  
  87  6:43  Warp Prism, Gateway, Templar Archives  
  87  6:45  Gateway  
  87  6:47  Gateway x2  
  87  6:50  Assimilator  
  87  6:52  Assimilator  
  89  6:59  Probe  
  90  7:04  Pylon  
  90  7:05  Pylon  
  90  7:06  Photon Cannon  
  90  7:12  Probe  
  90  7:13  Pylon  
  91  7:16  Probe, Pylon  
  91  7:19  Gateway  
  91  7:21  Gateway  
  92  7:29  Probe  
  93  7:32  Pylon  
  93  7:34  Zealot x3, Pylon  
  99  7:37  Pylon  
  99  7:46  High Templar  
  99  7:47  High Templar x3  
  99  7:48  High Templar x2  
  111  7:52  Archon  
  111  7:53  Archon x2  
  111  7:56  Pylon  
  111  8:01  Probe  
  112  8:09  Zealot x3  
  112  8:12  Nexus  
  118  8:15  Pylon  
  118  8:20  High Templar x4  
  118  8:21  Zealot  
  118  8:22  Zealot x3  
  118  8:25  Archon x2  
  134  8:30  Zealot x3  
  134  8:32  Probe  
  141  8:47  Zealot x4  
  142  8:52  Zealot x6  
  142  8:53  Zealot  
Show
View Real Time Build Order
Export as new Build Order

Armani Zerg 

Build Orders: Hatch First 

Get SALT Encoding   

  12  0:00  Drone  
  13  0:14  Overlord  
  13  0:18  Drone  
  14  0:33  Drone  
  14  0:34  Drone  
  16  0:49  Hatchery  
  15  0:53  Drone  
  15  0:55  Drone  
  17  0:58  Drone  
  18  1:11  Extractor  
  18  1:14  Spawning Pool  
  18  1:17  Drone  
  17  1:21  Drone  
  18  1:31  Drone  
  19  1:42  Drone  
  20  1:52  Hatchery  
  19  1:56  Drone  
  19  2:01  Queen  
  20  2:05  Drone  
  20  2:08  Drone  
  24  2:16  Queen  
  24  2:22  Overlord  
  26  2:27  Metabolic Boost  
  26  2:31  Drone  
  26  2:32  Drone  
  28  2:45  Zergling x8  
  28  2:46  Overlord  
  32  3:03  Queen  
  34  3:06  Zergling x2  
  34  3:07  Zergling x8  
  39  3:18  Zergling x6  
  42  3:25  Overlord  
  42  3:44  Zergling x2  
  42  3:45  Zergling x12  
  49  3:52  Zergling x2  
  49  3:54  Overlord  
  49  4:00  Zergling x2  
  49  4:01  Drone  
  49  4:02  Drone  
  50  4:09  Queen  
  49  4:10  Queen  
  49  4:12  Zergling x8  
  49  4:16  Zergling x2  
  54  4:17  Zergling x2  
  53  4:26  Zergling x8  
  53  4:28  Drone  
  57  4:33  Drone  
  58  4:45  Drone  
  58  4:47  Drone  
  52  4:55  Zergling x10  
  52  4:58  Drone  
  58  5:00  Drone, Evolution Chamber  
  58  5:04  Drone  
  49  5:15  Zergling x16  
  49  5:18  Drone  
  49  5:20  Spore Crawler  
  56  5:21  Drone  
  56  5:22  Drone  
  56  5:26  Drone, Zerg Melee Weapons Level 1  
  56  5:27  Spore Crawler  
  57  5:29  Spore Crawler  
  57  5:32  Drone  
  56  5:42  Drone  
  56  5:44  Drone  
  56  5:46  Drone x2  
  56  5:47  Drone  
  56  5:48  Lair  
  57  5:53  Overlord  
  56  5:57  Spore Crawler, Queen  
  56  5:59  Drone  
  56  6:03  Overlord  
  58  6:05  Extractor  
  58  6:09  Drone x2, Extractor x2  
  58  6:10  Drone  
  58  6:11  Drone  
  58  6:12  Drone x2  
  58  6:14  Drone  
  58  6:16  Drone  
  58  6:17  Drone  
  64  6:21  Drone x2  
  64  6:22  Drone  
  64  6:24  Drone  
  68  6:27  Drone  
  68  6:29  Drone  
  68  6:30  Drone  
  68  6:31  Drone x2  
  71  6:32  Drone  
  71  6:33  Drone  
  71  6:34  Overlord  
  71  6:35  Drone  
  73  6:45  Drone  
  74  6:48  Overlord  
  74  6:56  Overlord, Extractor  
  74  6:57  Spire, Extractor  
  74  6:58  Drone  
  74  7:00  Drone  
  74  7:01  Overseer, Overlord  
  73  7:02  Overlord  
  73  7:04  Drone  
  73  7:08  Drone  
  75  7:09  Drone x4  
  75  7:13  Roach Warren  
  75  7:14  Drone  
  79  7:19  Hydralisk Den  
  79  7:20  Drone x2  
  81  7:22  Drone  
  81  7:23  Drone x5  
  81  7:25  Drone x2  
  81  7:27  Drone  
  85  8:09  Hatchery, Roach  
  85  8:10  Roach x11  
  85  8:12  Overlord x3  
  106  8:18  Overseer  
  106  8:19  Spine Crawler x2  
  105  8:20  Spine Crawler  
  105  8:24  Overlord  
  104  8:27  Hatchery  
  104  8:30  Roach  
  104  8:31  Roach x2, Ravager x4  
  104  8:32  Roach x3  
  119  8:34  Roach  
  119  8:35  Roach  
Tags
 
Add a new tag
Caveats
  • Supply blocks, unpowered buildings, or Contaminate may cause inaccurate times.
  • Supply counts are checked every 10 seconds.